Workbook
Name Ciudades: [1]Insumos!$B$2:$B$2
Name Concretos: [1]Insumos!#REF!
Name INSUMOS: #REF!

Sheet PPTO grupo i
C3: Código | D3: CCE-EICP-FM-14 | E3: Versión | F3: 2
C4: FORMULARIO 1
C5: PRESUPUESTO OFICIAL -COSTO TOTAL
C6: [Las Entidades Estatales deben usar el presente formulario para determinar el Presupuesto Oficial del Proceso de Contratación y solo pueden modificar o ajustar aquello que en este se permite expresamente] [El presente formulario aplica para los procesos de contratación que tengan como forma de pago precios unitarios. Tratándose de otras modalidades de precio, la Entidad debe ajustarlo cuando corresponde a: precio global, llave en mano, administración delegada, reembolso de gastos o cualquier otra forma de precio.]
C8: Adicionalmente, cuando el proceso de contratación es estructurado por precios unitarios, la Entidad debe aplicar las notas 1, 2 y 3 del presente formulario y las casillas de "Descripción", "Porcentaje" de la Administración, Imprevisto, Utilidad y total A.I.U. resaltadas en color amarillo. Tratándose de otras modalidades de precio, la Entidad puede o no configurar los mismos aspectos.
C9: SUMINISTRO DE ELEMENTOS ELECTRICOS Y DE COMUNICACIONES PARA LA MODERNIZACIÓN DE LA ILUMINACIÓN DEL ESTADIO PALOGRANDE Y ALGUNOS ESCENARIOS DEPORTIVOS EN LA CIUDAD DE MANIZALES
C10: GRUPO I - LUMINARIAS Y PROYECTORES
C11: No. | D11: ITEM DE PAGO | E11: ESPECIFICACIONES | G11: DESCRIPCION | H11: UND. | I11: CANTIDAD | J11: VALOR UNITARIO | K11: VALOR TOTAL
G12: LUMINARIAS Y PROYECTORES
C13: 1 | G13: PROYECTOR PHILLIPS BVP428 2470/857 T35 OUT S7/5 – S6/5 – S5/5 (Incluye valor estampillas 8.5%) | H13: UND. | I13: 240 | K13: =IFERROR(ROUND(I13*J13,0),0) -> 0
C14: 2 | G14: PROYECTOR LED 200W | H14: UND. | I14: 163 | K14: =IFERROR(ROUND(I14*J14,0),0) -> 0
E17: SUBTOTAL OBRAS (INCLUYE AIU) | G17: TOTAL DE SUMINISTROS GRUPO I | K17: =SUM(K13:K15) -> 0
E18: VALOR TOTAL | G18: VALOR TOTAL | K18: =+K17 -> 0
C20: NOTA 1: Se debe tener en cuenta que el PRECIO UNITARIO incluye el valor de A.I.U. | H20: DESCRIPCION | K20: PORCENTAJE
C21: NOTA 2: Cuando la fracción decimal del peso sea igual o superior a 5 se aproximará por exceso al número entero siguiente del peso y cuando la fracción decimal del peso sea inferior a 5 se aproximará por defecto al número entero del peso. | H21: ADMINISTRACION | J21: A= | K21: 0
C22: NOTA 3: El A.I.U y su discriminación deben estar en porcentaje (%). | H22: IMPREVISTO | J22: I= | K22: 0
C23: NOTA 4: Siguiendo las recomendaciones de la Guía de Colombia Compra Eficiente, presentar la oferta | H23: UTILIDAD | J23: U= | K23: 0
C24: NOTA 5: Revisar el Formulario 1 de Presupuesto con sus decimales y tenerlos en cuenta para la presentación de la propuesta económica. | H24: TOTAL A.I.U | J24: A.I.U.= | K24: =SUM(K21:K23) -> 0

Sheet PPTO grupo 2
C3: Código | D3: CCE-EICP-FM-14 | E3: Versión | F3: 2
C4: FORMULARIO 1
C5: PRESUPUESTO OFICIAL -COSTO TOTAL
C6: [Las Entidades Estatales deben usar el presente formulario para determinar el Presupuesto Oficial del Proceso de Contratación y solo pueden modificar o ajustar aquello que en este se permite expresamente] [El presente formulario aplica para los procesos de contratación que tengan como forma de pago precios unitarios. Tratándose de otras modalidades de precio, la Entidad debe ajustarlo cuando corresponde a: precio global, llave en mano, administración delegada, reembolso de gastos o cualquier otra forma de precio.]
C8: Adicionalmente, cuando el proceso de contratación es estructurado por precios unitarios, la Entidad debe aplicar las notas 1, 2 y 3 del presente formulario y las casillas de "Descripción", "Porcentaje" de la Administración, Imprevisto, Utilidad y total A.I.U. resaltadas en color amarillo. Tratándose de otras modalidades de precio, la Entidad puede o no configurar los mismos aspectos.
C9: SUMINISTRO DE ELEMENTOS ELECTRICOS Y DE COMUNICACIONES PARA LA MODERNIZACIÓN DE LA ILUMINACIÓN DEL ESTADIO PALOGRANDE Y ALGUNOS ESCENARIOS DEPORTIVOS EN LA CIUDAD DE MANIZALES
C10: GRUPO II - SISTEMA DE CONTROL
C11: No. | D11: ITEM DE PAGO | E11: ESPECIFICACIONES | G11: DESCRIPCION | H11: UND. | I11: CANTIDAD | J11: VALOR UNITARIO | K11: VALOR TOTAL
G12: SISTEMAS DE CONTROL
C13: 1 | G13: SISTEMA DE CONTROL PHAROS | H13: GLB | I13: 1 | K13: =IFERROR(ROUND(I13*J13,0),0) -> 0
E16: SUBTOTAL OBRAS (INCLUYE AIU) | G16: TOTAL DE SUMINISTROS GRUPO II | K16: =SUM(K13:K14) -> 0
E17: VALOR TOTAL | G17: VALOR TOTAL | K17: =+K16 -> 0
C19: NOTA 1: Se debe tener en cuenta que el PRECIO UNITARIO incluye el valor de A.I.U. | H19: DESCRIPCION | K19: PORCENTAJE
C20: NOTA 2: Cuando la fracción decimal del peso sea igual o superior a 5 se aproximará por exceso al número entero siguiente del peso y cuando la fracción decimal del peso sea inferior a 5 se aproximará por defecto al número entero del peso. | H20: ADMINISTRACION | J20: A= | K20: 0
C21: NOTA 3: El A.I.U y su discriminación deben estar en porcentaje (%). | H21: IMPREVISTO | J21: I= | K21: 0
C22: NOTA 4: Siguiendo las recomendaciones de la Guía de Colombia Compra Eficiente, presentar la oferta | H22: UTILIDAD | J22: U= | K22: 0
C23: NOTA 5: Revisar el Formulario 1 de Presupuesto con sus decimales y tenerlos en cuenta para la presentación de la propuesta económica. | H23: TOTAL A.I.U | J23: A.I.U.= | K23: =SUM(K20:K22) -> 0

Sheet PPTO grupo III
C3: Código | D3: CCE-EICP-FM-14 | E3: Versión | F3: 2
C4: FORMULARIO 1
C5: PRESUPUESTO OFICIAL -COSTO TOTAL
C6: [Las Entidades Estatales deben usar el presente formulario para determinar el Presupuesto Oficial del Proceso de Contratación y solo pueden modificar o ajustar aquello que en este se permite expresamente] [El presente formulario aplica para los procesos de contratación que tengan como forma de pago precios unitarios. Tratándose de otras modalidades de precio, la Entidad debe ajustarlo cuando corresponde a: precio global, llave en mano, administración delegada, reembolso de gastos o cualquier otra forma de precio.]
C8: Adicionalmente, cuando el proceso de contratación es estructurado por precios unitarios, la Entidad debe aplicar las notas 1, 2 y 3 del presente formulario y las casillas de "Descripción", "Porcentaje" de la Administración, Imprevisto, Utilidad y total A.I.U. resaltadas en color amarillo. Tratándose de otras modalidades de precio, la Entidad puede o no configurar los mismos aspectos.
C9: SUMINISTRO DE ELEMENTOS ELECTRICOS Y DE COMUNICACIONES PARA LA MODERNIZACIÓN DE LA ILUMINACIÓN DEL ESTADIO PALOGRANDE Y ALGUNOS ESCENARIOS DEPORTIVOS EN LA CIUDAD DE MANIZALES
C10: GRUPO III - CABLES Y ALAMBRES
C11: No. | D11: ITEM DE PAGO | E11: ESPECIFICACIONES | G11: DESCRIPCION | H11: UND. | I11: CANTIDAD | J11: VALOR UNITARIO | K11: VALOR TOTAL
G12: CABLES Y ALAMBRES
C13: 1 | G13: CABLE 1/0 AWG HFFR LS Cu | H13: M | I13: 721.4 | K13: =IFERROR(ROUND(I13*J13,0),0) -> 0
C14: 2 | G14: CABLE 10 AWG HFFR LS Cu | H14: M | I14: 215.3 | K14: =IFERROR(ROUND(I14*J14,0),0) -> 0
C15: 3 | G15: CABLE 14 AWG HFFR LS Cu | H15: M | I15: 32615.1 | K15: =IFERROR(ROUND(I15*J15,0),0) -> 0
C16: 4 | G16: CABLE 2/0 AWG DESNUDO, Cu | H16: M | I16: 46.2 | K16: =IFERROR(ROUND(I16*J16,0),0) -> 0
C17: 5 | G17: CABLE 300 KCM HFFR LS Cu | H17: M | I17: 63 | K17: =IFERROR(ROUND(I17*J17,0),0) -> 0
C18: 6 | G18: CABLE 4/0 AWG HFFR LS Cu | H18: M | I18: 1491 | K18: =IFERROR(ROUND(I18*J18,0),0) -> 0
C19: 7 | G19: CABLE 6 AWG HFFR LS Cu | H19: M | I19: 721.4 | K19: =IFERROR(ROUND(I19*J19,0),0) -> 0
C20: 8 | G20: CABLE AISLADO N° 4 AWG COBRE THHN | H20: M | I20: 61.5 | K20: =IFERROR(ROUND(I20*J20,0),0) -> 0
C21: 9 | G21: CABLE ARENA VISION H07RN | H21: M | I21: 5547.2 | K21: =IFERROR(ROUND(I21*J21,0),0) -> 0
C22: 10 | G22: CABLE DMX CAT5 | H22: M | I22: 455.7 | K22: =IFERROR(ROUND(I22*J22,0),0) -> 0
C23: 11 | G23: CABLE ENCAUCHETADO 3X14AWG | H23: M | I23: 1041.6 | K23: =IFERROR(ROUND(I23*J23,0),0) -> 0
C24: 12 | G24: FIBRA OPTICA OM3 MULTIMODO | H24: M | I24: 730.8 | K24: =IFERROR(ROUND(I24*J24,0),0) -> 0
E27: SUBTOTAL OBRAS (INCLUYE AIU) | G27: TOTAL DE SUMINISTROS GRUPO III | K27: =SUM(K13:K24) -> 0
E28: VALOR TOTAL | G28: VALOR TOTAL | K28: =+K27 -> 0
C30: NOTA 1: Se debe tener en cuenta que el PRECIO UNITARIO incluye el valor de A.I.U. | H30: DESCRIPCION | K30: PORCENTAJE
C31: NOTA 2: Cuando la fracción decimal del peso sea igual o superior a 5 se aproximará por exceso al número entero siguiente del peso y cuando la fracción decimal del peso sea inferior a 5 se aproximará por defecto al número entero del peso. | H31: ADMINISTRACION | J31: A= | K31: 0
C32: NOTA 3: El A.I.U y su discriminación deben estar en porcentaje (%). | H32: IMPREVISTO | J32: I= | K32: 0
C33: NOTA 4: Siguiendo las recomendaciones de la Guía de Colombia Compra Eficiente, presentar la oferta | H33: UTILIDAD | J33: U= | K33: 0
C34: NOTA 5: Revisar el Formulario 1 de Presupuesto con sus decimales y tenerlos en cuenta para la presentación de la propuesta económica. | H34: TOTAL A.I.U | J34: A.I.U.= | K34: =SUM(K31:K33) -> 0

Sheet PPTO grupo IV
C3: Código | D3: CCE-EICP-FM-14 | E3: Versión | F3: 2
C4: FORMULARIO 1
C5: PRESUPUESTO OFICIAL -COSTO TOTAL
C6: [Las Entidades Estatales deben usar el presente formulario para determinar el Presupuesto Oficial del Proceso de Contratación y solo pueden modificar o ajustar aquello que en este se permite expresamente] [El presente formulario aplica para los procesos de contratación que tengan como forma de pago precios unitarios. Tratándose de otras modalidades de precio, la Entidad debe ajustarlo cuando corresponde a: precio global, llave en mano, administración delegada, reembolso de gastos o cualquier otra forma de precio.]
C8: Adicionalmente, cuando el proceso de contratación es estructurado por precios unitarios, la Entidad debe aplicar las notas 1, 2 y 3 del presente formulario y las casillas de "Descripción", "Porcentaje" de la Administración, Imprevisto, Utilidad y total A.I.U. resaltadas en color amarillo. Tratándose de otras modalidades de precio, la Entidad puede o no configurar los mismos aspectos.
C9: SUMINISTRO DE ELEMENTOS ELECTRICOS Y DE COMUNICACIONES PARA LA MODERNIZACIÓN DE LA ILUMINACIÓN DEL ESTADIO PALOGRANDE Y ALGUNOS ESCENARIOS DEPORTIVOS EN LA CIUDAD DE MANIZALES
C10: GRUPO IV - ACCESORIOS ELECTRICOS Y DE COMUNICACIONES
C11: No. | D11: ITEM DE PAGO | E11: ESPECIFICACIONES | G11: DESCRIPCION | H11: UND. | I11: CANTIDAD | J11: VALOR UNITARIO | K11: VALOR TOTAL
G12: ACCESORIOS ELECTRICOSY DE COMUNICACIONES
C13: 1 | G13: BANDEJA CABLOFIL 50x150mm 3m | H13: M | I13: 1.8 | K13: =IFERROR(ROUND(I13*J13,0),0) -> 0
C14: 2 | G14: BANDEJA TIPO ESCALERA 50x200X2.4m | H14: M | I14: 189 | K14: =IFERROR(ROUND(I14*J14,0),0) -> 0
C15: 3 | G15: BANDEJA TIPO ESCALERA 50x300X2.4m | H15: M | I15: 22.1 | K15: =IFERROR(ROUND(I15*J15,0),0) -> 0
C16: 4 | G16: BOBINA DE CHOQUE | H16: UND | I16: 2.2 | K16: =IFERROR(ROUND(I16*J16,0),0) -> 0
C17: 5 | G17: CAJA DE PASO TERMOPLASTICA CON MEMBRANA 300X250X120mm | H17: UND | I17: 100 | K17: =IFERROR(ROUND(I17*J17,0),0) -> 0
C18: 6 | G18: CAJA INSPECCION CONCRETO 40 CM X 40 CM | H18: UND | I18: 4.1 | K18: =IFERROR(ROUND(I18*J18,0),0) -> 0
C19: 7 | G19: FAVIGEL | H19: kg | I19: 176 | K19: =IFERROR(ROUND(I19*J19,0),0) -> 0
C20: 8 | G20: MINI RACK CERRADO 0.6 X 0.6m, DE 12RU CON EL RIEL A CADA LADO | H20: UND | I20: 3 | K20: =IFERROR(ROUND(I20*J20,0),0) -> 0
C21: 9 | G21: ORGANIZADORES HORIZONTALES RACK 40x60mm | H21: UND | I21: 4.2 | K21: =IFERROR(ROUND(I21*J21,0),0) -> 0
C22: 10 | G22: ORGANIZADORES VERTICALES RACK | H22: UND | I22: 4.2 | K22: =IFERROR(ROUND(I22*J22,0),0) -> 0
C23: 11 | G23: PATCH CORD MULTIMODO (OM3) 50/125um | H23: UND | I23: 8 | K23: =IFERROR(ROUND(I23*J23,0),0) -> 0
C24: 12 | G24: PATCH PANEL 24 PUERTOS RACK | H24: UND | I24: 4 | K24: =IFERROR(ROUND(I24*J24,0),0) -> 0
... C38: 26 | G38: VARILLA COOPERWELL 5/8"" x 2.4 m, Cu | H38: UND | I38: 12 | K38: =IFERROR(ROUND(I38*J38,0),0) -> 0
E41: SUBTOTAL OBRAS (INCLUYE AIU) | G41: TOTAL DE SUMINISTROS GRUPO IV | K41: =SUM(K13:K39) -> 0
E42: VALOR TOTAL | G42: VALOR TOTAL | K42: =+K41 -> 0
C44: NOTA 1: Se debe tener en cuenta que el PRECIO UNITARIO incluye el valor de A.I.U. | H44: DESCRIPCION | K44: PORCENTAJE
C45: NOTA 2: Cuando la fracción decimal del peso sea igual o superior a 5 se aproximará por exceso al número entero siguiente del peso y cuando la fracción decimal del peso sea inferior a 5 se aproximará por defecto al número entero del peso. | H45: ADMINISTRACION | J45: A= | K45: 0
C46: NOTA 3: El A.I.U y su discriminación deben estar en porcentaje (%). | H46: IMPREVISTO | J46: I= | K46: 0
C47: NOTA 4: Siguiendo las recomendaciones de la Guía de Colombia Compra Eficiente, presentar la oferta | H47: UTILIDAD | J47: U= | K47: 0
C48: NOTA 5: Revisar el Formulario 1 de Presupuesto con sus decimales y tenerlos en cuenta para la presentación de la propuesta económica. | H48: TOTAL A.I.U | J48: A.I.U.= | K48: =SUM(K45:K47) -> 0

Sheet RESUMEN GRUPOS
C3: Código | D3: CCE-EICP-FM-14 | E3: Versión | F3: 2
C4: FORMULARIO 1
C5: PRESUPUESTO OFICIAL -COSTO TOTAL
C6: [Las Entidades Estatales deben usar el presente formulario para determinar el Presupuesto Oficial del Proceso de Contratación y solo pueden modificar o ajustar aquello que en este se permite expresamente] [El presente formulario aplica para los procesos de contratación que tengan como forma de pago precios unitarios. Tratándose de otras modalidades de precio, la Entidad debe ajustarlo cuando corresponde a: precio global, llave en mano, administración delegada, reembolso de gastos o cualquier otra forma de precio.]
C8: Adicionalmente, cuando el proceso de contratación es estructurado por precios unitarios, la Entidad debe aplicar las notas 1, 2 y 3 del presente formulario y las casillas de "Descripción", "Porcentaje" de la Administración, Imprevisto, Utilidad y total A.I.U. resaltadas en color amarillo. Tratándose de otras modalidades de precio, la Entidad puede o no configurar los mismos aspectos.
C9: SUMINISTRO DE ELEMENTOS ELECTRICOS Y DE COMUNICACIONES PARA LA MODERNIZACIÓN DE LA ILUMINACIÓN DEL ESTADIO PALOGRANDE Y ALGUNOS ESCENARIOS DEPORTIVOS EN LA CIUDAD DE MANIZALES
C10: GRUPO IV - ACCESORIOS ELECTRICOS Y DE COMUNICACIONES
C11: GRUPO | D11: ITEM DE PAGO | E11: ESPECIFICACIONES | G11: DESCRIPCION | H11: UND. | I11: CANTIDAD | J11: VALOR UNITARIO | K11: VALOR TOTAL
G12: ACCESORIOS ELECTRICOSY DE COMUNICACIONES
C13: I | G13: =+'PPTO grupo i'!G12 -> LUMINARIAS Y PROYECTORES | H13: GL | I13: 1 | J13: =+'PPTO grupo i'!K17 -> 0 | K13: =IFERROR(ROUND(I13*J13,0),0) -> 0
C14: II | G14: =+'PPTO grupo 2'!G12 -> SISTEMAS DE CONTROL | H14: GL | I14: 1 | J14: =+'PPTO grupo 2'!K16 -> 0 | K14: =IFERROR(ROUND(I14*J14,0),0) -> 0
C15: III | G15: =+'PPTO grupo III'!G12 -> CABLES Y ALAMBRES | H15: GL | I15: 1 | J15: =+'PPTO grupo III'!K27 -> 0 | K15: =IFERROR(ROUND(I15*J15,0),0) -> 0
C16: IV | G16: =+'PPTO grupo IV'!G12 -> ACCESORIOS ELECTRICOSY DE COMUNICACIONES | H16: GL | I16: 1 | J16: =+'PPTO grupo IV'!K41 -> 0 | K16: =IFERROR(ROUND(I16*J16,0),0) -> 0
E19: SUBTOTAL OBRAS (INCLUYE AIU) | G19: TOTAL DE SUMINISTROS GRUPO IV | K19: =SUM(K13:K17) -> 0
E20: VALOR TOTAL | G20: VALOR TOTAL | K20: =+K19 -> 0
C22: NOTA 1: Se debe tener en cuenta que el PRECIO UNITARIO incluye el valor de A.I.U. | H22: DESCRIPCION | K22: PORCENTAJE
C23: NOTA 2: Cuando la fracción decimal del peso sea igual o superior a 5 se aproximará por exceso al número entero siguiente del peso y cuando la fracción decimal del peso sea inferior a 5 se aproximará por defecto al número entero del peso. | H23: ADMINISTRACION | J23: A= | K23: 0
C24: NOTA 3: El A.I.U y su discriminación deben estar en porcentaje (%). | H24: IMPREVISTO | J24: I= | K24: 0
C25: NOTA 4: Siguiendo las recomendaciones de la Guía de Colombia Compra Eficiente, presentar la oferta | H25: UTILIDAD | J25: U= | K25: 0
C26: NOTA 5: Revisar el Formulario 1 de Presupuesto con sus decimales y tenerlos en cuenta para la presentación de la propuesta económica. | H26: TOTAL A.I.U | J26: A.I.U.= | K26: =SUM(K23:K25) -> 0
